AoeStats
← paludoortiz

MegaRandom

506692144Analyzed
3v3 RM · 17d ago on Sep 14, 2026· 70m 14s· 6 players
Game mode
Random Map
Map size
Normal (6 player)
Population
200
Speed
Normal
Resources
Standard
Victory
Conquest
Starting age
Dark Age
Ending age
Imperial Age
RankedLock teamsTeams togetherTeam positionsShared explorationLock speedFull tech treeHidden civsTurbo modeCheats
Victory
Defeat
🇫🇷 Franks · France
604
+15
🇧🇷 Britons · Brazil
569
+16
🇩🇰 Teutons · Denmark
510
+20
🇸🇮 Byzantines · Slovenia
624
-31
🇸🇮 Hindustanis · Slovenia
597
-31
🇸🇮 Turks · Slovenia
516
-23
paludoortiz
16:15 Feudal Age
23:18 Castle Age
21:56 Wheelbarrow
21:00 Man-at-Arms
21:26 Arson
21:46 Padded Archer Armor
21:37 Fletching
21:53 Scale Barding Armor
21:49 Scale Mail Armor
24:20 Caravan
26:45 Hand Cart
36:29 Imperial Age
35:05 Stone Mining
35:07 Gold Mining
36:31 Cavalier
37:12 Husbandry
40:20 Yeomen
41:01 Guilds
40:52 Caravan
42:49 Gold Shaft Mining
44:54 Chemistry
44:17 Ballistics
47:16 Elite Longbowman
49:39 Hoardings
52:59 Chain Barding Armor
52:54 Chain Mail Armor
52:50 Forging
52:56 Leather Archer Armor
52:37 Bodkin Arrow
56:33 Warwolf
59:46 Warwolf
60:24 Hoardings
62:57 Pikeman
63:39 Squires
63:25 Gambesons
63:01 Long Swordsman
fight for your rights
3:09 Loom
11:02 Feudal Age
12:45 Double-Bit Axe
14:42 Wheelbarrow
19:19 Town Watch
21:19 Horse Collar
24:40 Castle Age
23:15 Scale Barding Armor
24:27 Gold Mining
24:28 Stone Mining
26:26 Heavy Plow
27:33 Bow Saw
29:50 Stone Shaft Mining
30:34 Chain Barding Armor
30:43 Hand Cart
30:29 Town Patrol
37:12 Imperial Age
36:18 Demolition Ship
37:08 Medium Warships
36:39 Fishing Lines
39:44 Two-Man Saw
40:24 Caravan
40:55 Coinage
43:15 Banking
42:56 Guilds
43:12 Pikeman
43:53 Squires
43:39 Arson
43:40 Gambesons
43:16 Man-at-Arms
43:18 Heavy Scorpion
45:18 Plate Barding Armor
44:44 Scale Mail Armor
44:55 Forging
44:36 Fletching
44:47 Padded Archer Armor
45:54 Crop Rotation
47:43 Banking
47:23 Guilds
49:23 Chain Mail Armor
49:44 Iron Casting
49:04 Bodkin Arrow
49:25 Leather Archer Armor
48:37 Halberdier
48:38 Long Swordsman
49:33 Elite Teutonic Knight
50:34 Ironclad
50:35 Crenellations
49:47 Sappers
50:53 Hoardings
51:38 Plate Mail Armor
51:52 Cavalier
52:46 Bloodlines
54:05 Heavy Warships
53:31 Gillnets
55:08 Conscription
55:04 Paladin
57:19 Ring Archer Armor
57:49 Blast Furnace
59:06 Chemistry
57:54 Arrowslits
58:00 Guard Tower
58:31 Ballistics
58:02 Heated Shot
58:22 Fortified Wall
58:18 Siege Engineers
58:24 Masonry
61:59 Keep
61:45 Bombard Tower
61:32 Siphons
61:38 Clinker Construction
61:39 Careening
62:51 Keep
63:33 Bombard Tower
63:35 Carvel Hull
63:33 Careening
62:51 Elite Skirmisher
62:52 Crossbowman
62:56 Onager
62:56 Capped Ram
62:59 Two-Handed Swordsman
63:49 Siphons
63:54 Fortified Wall
63:50 Siege Engineers
63:58 Masonry
67:03 Heavy Demolition Ship
Nashushamen
1:09 Loom
12:52 Feudal Age
13:27 Double-Bit Axe
13:46 Gold Mining
17:29 Stone Mining
23:17 Fletching
23:37 Forging
23:28 Scale Mail Armor
23:34 Scale Barding Armor
24:25 Wheelbarrow
23:36 Town Watch
29:38 Castle Age
30:27 Caravan
31:07 Bow Saw
31:44 Bodkin Arrow
32:25 Iron Casting
32:12 Hand Cart
35:18 Fortified Wall
35:19 Masonry
35:06 Murder Holes
35:32 Town Patrol
37:27 Squires
37:13 Arson
38:36 Ballistics
38:31 Husbandry
37:52 Light Cavalry
37:55 Pikeman
40:17 Chain Mail Armor
40:23 Chain Barding Armor
44:34 Imperial Age
43:32 Gold Shaft Mining
44:41 Cavalier
44:45 Halberdier
45:50 Conscription
45:30 Chivalry
46:06 Hoardings
47:26 Blast Furnace
47:02 Plate Barding Armor
46:57 Plate Mail Armor
46:38 Siege Engineers
47:04 Architecture
47:35 Chemistry
50:18 Paladin
58:48 Careening
58:50 Clinker Construction
58:47 Siphons
63:14 Dry Dock
63:15 Carvel Hull
Poocano
10:34 Feudal Age
14:08 Double-Bit Axe
19:32 Castle Age
18:31 Horse Collar
20:08 Gold Mining
24:01 Stone Mining
24:31 Bow Saw
24:50 Heavy Plow
26:07 Loom
26:58 Wheelbarrow
27:08 Pikeman
27:50 Squires
31:23 Imperial Age
30:15 Grand Trunk Road
30:57 Ballistics
30:58 Forging
30:48 Scale Mail Armor
30:43 Fletching
30:58 Padded Archer Armor
33:44 Two-Man Saw
36:22 Fervor
37:27 Chemistry
37:20 Shatagni
37:41 Conscription
37:51 Hand Cart
37:21 Town Watch
44:26 Leather Archer Armor
44:20 Scale Barding Armor
44:28 Forging
44:34 Chain Mail Armor
45:01 Gold Shaft Mining
45:01 Stone Shaft Mining
44:55 Medium Warships
44:13 Elite Cannon Galleon
49:06 Siege Engineers
49:14 Fortified Wall
49:15 Masonry
49:45 Iron Casting
49:08 Bodkin Arrow
49:43 Ring Archer Armor
49:04 Arson
49:31 Thumb Ring
68:28 Blast Furnace
Grenbarazi
3:34 Loom
10:08 Feudal Age
11:07 Double-Bit Axe
16:25 Scale Mail Armor
16:22 Fletching
21:51 Castle Age
21:25 Wheelbarrow
21:51 Gold Mining
21:54 Stone Mining
23:16 Bow Saw
23:27 Padded Archer Armor
23:11 Pikeman
24:29 Fishing Lines
26:02 Elite Skirmisher
26:48 Squires
27:08 Chain Mail Armor
30:10 Thumb Ring
30:07 Horse Collar
30:45 Greek Fire
36:49 Leather Archer Armor
36:30 Bodkin Arrow
37:06 Ballistics
36:50 Guard Tower
37:09 Murder Holes
37:25 Fortified Wall
37:13 Treadmill Crane
37:59 Hand Cart
44:29 Imperial Age
42:18 Forging
43:39 Medium Warships
43:47 Careening
43:49 Clinker Construction
43:45 Siphons
47:43 Chemistry
47:20 Keep
47:11 Dry Dock
50:29 Dry Dock
52:05 Bombard Tower
Shao Kahn
4:29 Loom
11:17 Feudal Age
13:00 Double-Bit Axe
14:36 Horse Collar
17:03 Wheelbarrow
20:53 Castle Age
19:42 Stone Mining
19:45 Gold Mining
23:15 Bow Saw
24:54 Hand Cart
28:48 Padded Archer Armor
28:39 Fletching
33:35 Leather Archer Armor
33:15 Bodkin Arrow
37:05 Bloodlines
43:17 Imperial Age
42:40 Gold Shaft Mining
42:50 Guard Tower
48:03 Bombard Tower
49:38 Heavy Camel Rider
62:11 Scale Barding Armor
62:21 Forging
Connection lost

Rejoining the realm…

Still unreachable

The connection could not be restored.

Session expired

The server has moved on; the page needs a fresh start.